 Dungeon Crawl Stone Soup version 0.30.1 (webtiles) character file.

Game seed: 1236370951145845005

1689 Graphine the Cleaver (level 9, -2/79 HPs)
             Began as a Hill Orc Fighter on July 9, 2023.
             Was a Believer of Cheibriados.
             Slain by a rust devil (7 damage)
             ... on level 5 of the Dungeon.
             The game lasted 00:11:21 (4796 turns).

Graphine the Cleaver (Hill Orc Fighter)             Turns: 4796, Time: 00:11:22

Health: -2/79      AC:  0    Str: 29    XL:     9   Next: 2%
Magic:  9/9        EV: 12    Int: 14    God:    Cheibriados [**....]
Gold:   243        SH:  6    Dex: 16    Spells: 8/8 levels left

rFire   . . .        a - +0 war axe
rCold   . . .        c - +0 buckler
rNeg    . . .        n - +0 plate armour
rPois   .            (no helmet)
rElec   .            (no cloak)
rCorr   .            (no gloves)
SInv    .            (no boots)
Will    .....        (no amulet) Stlth
                     o - ring of flight
HPRegen 0.33/turn    b - +5 ring of evasion
MPRegen 0.11/turn

%: no passive effects
@: mighty, corroded, flying, invisible, very slow
A: no striking features
a: Renounce Religion, Bend Time


You were on level 5 of the Dungeon.
You worshipped Cheibriados.
Cheibriados was pleased with you.
You visited 1 branch of the dungeon, and saw 5 of its levels.
You visited the Abyss 1 time.

You collected 243 gold pieces.

Inventory:

Hand Weapons
 a - a +0 war axe (weapon)
 q - a +2 short sword of venom
 s - a +2 dagger of draining
Missiles
 k - a boomerang (quivered)
Armour
 c - a +0 buckler (worn)
 n - a +0 plate armour (worn)
Jewellery
 b - a +5 ring of evasion (right hand)
 i - a +6 ring of dexterity
 o - a ring of flight (left hand)
 r - a ring of resist corrosion
Wands
 t - a wand of flame (4)
 w - a wand of mindburst (3)
Scrolls
 p - a scroll of fear
Potions
 e - 3 potions of curing
 f - a potion of brilliance
 g - a potion of resistance
 h - 5 potions of flight
 j - a potion of attraction
 m - a potion of ambrosia {unknown}
 u - a potion of haste {unknown}
 x - a potion of magic {unknown}


   Skills:
 + Level 7.0 Fighting
 * Level 9.6 Axes
 + Level 6.4 Armour
 + Level 6.3 Shields


You had 8 spell levels left.
You didn't know any spells.
Your spell library contained the following spells:

 Spells                   Type           Power      Damage    Failure   Level
 Magic Dart               Conj           0%         1d3       97%         1
 Ensorcelled Hibernation  Hex/Ice        0%         N/A       99%         2
 Lesser Beckoning         Tloc           0%         N/A       99%         2
 Passwall                 Tmut/Erth      0%         N/A       99%         2
 Searing Ray              Conj           0%         2d4       99%         2
 Gell's Gravitas          Tloc           0%         N/A       100%        3
 Swiftness                Air            0%         N/A       100%        3
 Teleport Other           Tloc           0%         N/A       100%        3
 Fulminant Prism          Conj/Hex       0%         3d5       100%        4


Dungeon Overview and Level Annotations

Branches:
Dungeon (5/15)             Temple (0/1) D:5

Altars:
Cheibriados
Gozag

Shops:
D:2 :

Annotations:
D:5 Tyszek's ghost, weakling MiDe


Message History

You barely miss the rust devil.
The rust devil is moderately wounded.
You closely miss Tyszek's ghost.
The kobold cries, "Oh dear!
Oh dear!"
Tyszek's ghost hits you. The rust devil completely misses you.
You hit the rust devil but do no damage.
The rust devil is moderately wounded.
You closely miss Tyszek's ghost.
The kobold zaps a wand.
The puff of flame hits you!
* * * LOW HITPOINT WARNING * * *
You block Tyszek's ghost's attack. The rust devil barely misses you.
You closely miss the rust devil.
The rust devil is moderately wounded.
You closely miss Tyszek's ghost. You block Tyszek's ghost's attack.
You block the rust devil's attack.
The kobold begs for mercy.
Cornered, the kobold turns to fight!
Tyszek's ghost hits you.
* * * LOW HITPOINT WARNING * * *
The kobold zaps a wand.
The puff of flame misses you.
Okay, then.
You feel better. You block the rust devil's attack. Tyszek's ghost hits you!
* * * LOW HITPOINT WARNING * * *
The kobold zaps a wand.
The puff of flame hits you!
* * * LOW HITPOINT WARNING * * *
It was a potion of invisibility.
You fade into invisibility!
The rust devil hits you.
* * * LOW HITPOINT WARNING * * *
The rust devil corrodes you! Tyszek's ghost hits you.
* * * LOW HITPOINT WARNING * * *
The kobold zaps a wand.
The puff of flame misses you.
As you read the scroll of fear, it crumbles to dust.
You assume a fearsome visage.
The kobold looks frightened! x2
Tyszek's ghost is unaffected.
The rust devil easily resists.
The rust devil completely misses you.
Tyszek's ghost shrieks, "They lied to you.
The Dungeon just goes down and down forever."
Tyszek's ghost misses you.
Okay, then.
Tyszek's ghost barely misses you. The rust devil hits you!
You die...

....###.##>......##.....# ##.#
........#####.#####.....# #.##
............#.# #.......# #..#
........###...# #.#.....# #.#.
).......###.#####.#.....# #.##
...######......##.####### #.#
...# #.#.##.##.....# #.# ...###
#.#.......###.# ######.# .....#
#.#..K..@...#.# #......#
#.##.####.#....4W...#.###.######
..#.........##)('##...[##.####
###........##....?##.........#
.##..###..##.#...#.###.##.##.#
.....# #...#⌠.#.#.⌠#......##.#
.##..###...#.#...#.###.#####.#
###........##...K.##...#####.#
..#.###.....##.$?#####.......#


You could see a rust devil (unable to see you), Tyszek's ghost (unable to see
you) and a kobold (unable to see you, fleeing).

Vanquished Creatures
  A centaur zombie (Abyss:1)
  A fire bat (Abyss:1)
  A neqoxec (Abyss:1)
  Menkaure (D:5)
  Duvessa (D:5)
  2 ogres
  Blork the orc (D:5)
  A small abomination (Abyss:1)
  A scorpion (D:5)
  Dowan (D:5)
  A quasit (Abyss:1)
  An orc priest (D:5)
  2 hounds (D:5)
  6 orc wizards
  Ijyb (D:5)
  3 iguanas
  3 gnolls (D:5)
  4 adders
  A worm (D:3)
  2 dart slugs
  17 orcs
  4 ball pythons
  4 endoplasms
  A giant cockroach (D:2)
  8 goblins
  3 hobgoblins
  8 kobolds
  2 quokkas
  2 bats
  2 frilled lizards
  6 rats
92 creatures vanquished.

Notes
Turn   | Place    | Note
-------+----------+-------------------------------------------
     0 | D:1      | Graphine the Hill Orc Fighter began the quest for the Orb.
     0 | D:1      | Reached XP level 1. HP: 19/19 MP: 1/1
   146 | D:1      | Reached skill level 3 in Axes
   177 | D:1      | Found a faded altar of an unknown god.
   183 | D:1      | Reached XP level 2. HP: 26/27 MP: 2/2
   636 | D:2      | Found Ylyst's Vocational Training.
   657 | D:2      | Reached XP level 3. HP: 21/33 MP: 3/3
   760 | D:2      | Found a snail-covered altar of Cheibriados.
   768 | D:2      | Became a worshipper of Cheibriados the Contemplative
  1298 | D:2      | Reached skill level 4 in Axes
  1565 | D:3      | Reached XP level 4. HP: 40/40 MP: 4/4
  1772 | D:3      | Found an opulent altar of Gozag.
  1778 | D:3      | Reached * piety under Cheibriados
  1779 | D:3      | Reached XP level 5. HP: 45/47 MP: 5/5
  2552 | D:4      | Noticed an ogre
  2557 | D:4      | Killed an ogre
  2558 | D:4      | Reached skill level 5 in Axes
  2558 | D:4      | Reached XP level 6. HP: 27/55 MP: 2/6
  3533 | D:5      | Entered Level 5 of the Dungeon
  3604 | D:5      | Reached skill level 5 in Fighting
  3667 | D:5      | Noticed Duvessa
  3677 | D:5      | Killed Duvessa
  3677 | D:5      | Noticed Dowan
  3678 | D:5      | Reached skill level 6 in Axes
  3682 | D:5      | Killed Dowan
  3683 | D:5      | Reached XP level 7. HP: 36/61 MP: 7/7
  3690 | D:5      | Reached ** piety under Cheibriados
  3800 | D:5      | Noticed Menkaure
  3806 | D:5      | Killed Menkaure
  3807 | D:5      | Reached skill level 7 in Axes
  3807 | D:5      | Reached skill level 5 in Armour
  3807 | D:5      | Reached skill level 5 in Shields
  3990 | D:5      | Found a runed translucent gate.
  3990 | D:5      | Found a runed translucent gate.
  3990 | D:5      | Found a runed translucent gate.
  3991 | D:5      | Noticed Tyszek's ghost (weakling MiDe)
  4016 | D:5      | Noticed Blork the orc
  4028 | D:5      | Killed Blork the orc
  4221 | D:5      | Noticed Ijyb
  4241 | D:5      | Killed Ijyb
  4358 | D:5      | Found a staircase to the Ecumenical Temple.
  4366 | D:5      | Reached XP level 8. HP: 70/70 MP: 8/8
  4460 | D:5      | Identified the +6 halberd of Gozag's Outrage {elec, Dex+5}
  4529 | D:5      | Reached skill level 8 in Axes
  4663 | Abyss:1  | Cast into level 1 of the Abyss (kobold)
  4715 | Abyss:1  | Reached skill level 9 in Axes
  4777 | Abyss:1  | Noticed a rust devil
  4782 | Abyss:1  | Noticed a tentacled starspawn
  4785 | Abyss:1  | Reached XP level 9. HP: 41/79 MP: 9/9
  4786 | D:5      | Escaped the Abyss
  4796 | D:5      | Slain by a rust devil

Illustrated notes

Levels and vault maps discovered:
D:1:      lemuel_arrival_rhombus, layout_basic, ebering_ecumenical_altar_box
D:2:      layout_loops_ring, basic_altar, nicolae_shop_vocational
D:3:      layout_basic, mainiacjoe_overflow_24_doors
D:4:      layout_basic, minmay_misc_feat_x
D:5:      layout_loops_cross, minmay_temple_entry_ruins,
          gammafunk_ghost_nasty_kobolds, uniq_menkaure, uniq_duvessa,
          uniq_blork_the_orc, uniq_ijyb

Skill      XL: |  1  2  3  4  5  6  7  8 |
---------------+-------------------------+-----
Axes           | 3 4 5 6 7 9 |  9.6
Fighting       | 4 5 7 |  7.0
Armour         | 4 5 6 |  6.4
Shields        | 4 5 6 |  6.3

Action                     |  1- 3 |  4- 6 |  7- 9 || total
---------------------------+-------+-------+-------++-------
  Melee: War axe           |    94 |    83 |    98 ||   275
 Invoke: Bend Time         |       |     1 |       ||     1
  Evoke: Wand              |       |       |    14 ||    14
    Use: Scroll            |     5 |     5 |     4 ||    14
         Potion            |       |     1 |     4 ||     5
 Armour: Scale mail        |    24 |       |       ||    24
         Plate armour      |     6 |    26 |    82 ||   114
  Dodge: Dodged            |    36 |    28 |    77 ||   141
  Block: Buckler           |    25 |    19 |    41 ||    85
